 Dungeon Crawl Stone Soup version 0.22-a0-21-g9421e3f (webtiles) character file.

1699 Lanoc the Insei (level 9, -11/58 HPs)
             Began as an Octopode Transmuter on Jan 2, 2018.
             Was an Initiate of Qazlal.
             Mangled by a wight
             ... wielding a +4 halberd
              (13 damage)
             ... on level 6 of the Dungeon.
             The game lasted 00:16:38 (6745 turns).

Lanoc the Insei (Octopode Transmuter)               Turns: 6745, Time: 00:16:39

Health: -11/58     AC:  1    Str: 12    XL:     9   Next: 3%
Magic:  8/13       EV: 14    Int: 21    God:    Qazlal [......]
Gold:   293        SH:  4    Dex: 12    Spells: 5/16 levels left

rFire    . . .     SeeInvis .     - Unarmed
rCold    . . .     Gourm    .   (shield currently unavailable)
rNeg     . . .     Faith    .   (helmet restricted)
rPois    .         Spirit   .   (no amulet)
rElec    .         Reflect  .   (no ring)
rCorr    .         Harm     .   o - ring of flight
MR       .....                  s - ring of stealth
Stlth    +++.......             (no ring)
HPRegen  0.19/turn              (no ring)
MPRegen  0.13/turn              (no ring)
                                (no ring)
                                (no ring)

@: mighty, blade tentacles, drained
A: almost no armour, stealthy swim, amphibious, 8 rings, constrict 8, large bone
plates 1, camouflage 1, clever 1, low mp 1, weak 1, gelatinous body 1
a: End Transformation, Renounce Religion, Evoke Flight


You were on level 6 of the Dungeon.
You worshipped Qazlal.
Qazlal was noncommittal.
You were hungry.
You had blades for tentacles.
You visited 2 branches of the dungeon, and saw 7 of its levels.

You collected 293 gold pieces.

Inventory:

Missiles
 a - 27 arrows
Magical Staves
 i - an uncursed staff of death
 p - an uncursed staff of cold
 v - an uncursed staff of air
Jewellery
 o - a ring of flight (right scythe-like blade)
 s - a ring of stealth (on tentacle)
Scrolls
 f - a scroll of remove curse
 g - a scroll of magic mapping {unknown}
 k - a scroll of blinking
 l - 5 scrolls of teleportation
 n - a scroll of amnesia
 q - 2 scrolls of fog
Potions
 d - a potion of agility
 j - a potion of lignification
Books
 b - a book of Changes

   Spells                             Type                      Level
   a - Beastly Appendage              Transmutation                1
   b - Sticks to Snakes               Transmutation                2
   c - Spider Form                    Transmutation/Poison         3
   d - Ice Form                       Ice/Transmutation            4
   e - Blade Hands                    Transmutation                5
 t - a book of Air

   Spells                             Type                      Level
   a - Shock                          Conjuration/Air              1
   b - Swiftness                      Charms/Air                   2
   c - Static Discharge               Conjuration/Air              3
   d - Airstrike                      Air                          4
   e - Lightning Bolt                 Conjuration/Air              5
Comestibles
 c - 9 rations
 h - a chunk of flesh


   Skills:
 + Level 4.2(3.7) Fighting
 + Level 4.6(4.0) Dodging
 * Level 6.6(6.0) Unarmed Combat
 + Level 4.3(3.8) Spellcasting
 * Level 6.2(5.6) Transmutations


You had 5 spell levels left.
You knew the following spells:

 Your Spells              Type           Power        Failure   Level  Hunger
a - Beastly Appendage     Tmut           ####..       17%         1    None
b - Sticks to Snakes      Tmut           ####....     21%         2    ##.....
c - Spider Form           Tmut/Pois      ###.......   50%         3    ###....
d - Blade Hands           Tmut           ####......   75%         5    ######.


Dungeon Overview and Level Annotations

Branches:
Dungeon (6/15)             Temple (1/1) D:6

Altars:
Ashenzari
Cheibriados
Fedhas
Hepliaklqana
Kikubaaqudgha
Makhleb
Nemelex Xobeh
Okawaru
Qazlal
Ru
Sif Muna
Trog
Uskayaw
Vehumet
Wu Jian
Yredelemnul
The Shining One


Innate Abilities, Weirdness & Mutations

You cannot wear most types of armour.
You are very stealthy in the water. (Stealth+)
You are amphibious.
You can wear up to eight rings at the same time.
You can use your tentacles to constrict eight enemies at once.
Your skin changes colour to match your surroundings (Stealth+).
Your rubbery body absorbs attacks. (AC +1, EV +1)
You are partially covered in large bone plates. (SH +4)
Your mind is acute. (Int +2)
Your magical capacity is low. (-10% MP)
You are weak. (Str -2)


Message History

* * * LOW HITPOINT WARNING * * *
Things that are here:
an enchanted flail; a robe The wight completely misses you.
Things that are here:
a hand axe; a robe Your transformation has ended.
You are feeling hungry.
A leopard gecko skeleton comes into view.
Casting: Spider Form
Confirm with . or Enter, or press ? or * to list all spells.
The spell is very dangerous to cast!
Continue anyway?
Your tentacles turn into razor-sharp scythe blades.
The leopard gecko skeleton misses you.
The wight hits you from afar with an enchanted halberd!
* * * LOW HITPOINT WARNING * * *
You feel very mighty all of a sudden. The leopard gecko skeleton misses you.
The wight hits you with an enchanted halberd!
You die...

......)#####
#....##..# #.#
.#######
#..###...# #.#
.# #..###.#.###
.# .#
#..#...#...##.#
.#
#....#####....#
##
#.##...#...####
#.####.#.###
####.# #...#
#.@z.# ##.##
#.#### #.# #Z#
#.# #.# #.# #.#
#.# #.# #.# ...
#.# .#. . .


You could see a wight and a leopard gecko skeleton.

Vanquished Creatures
  The ghost of Lanoc the Ruffian, a novice DrTm of Qazlal (D:5)
  Eustachio (D:4)
  An orc warrior (D:6)
  An ice beast (D:6)
  An ogre (D:4)
  A centaur (D:5)
  A scorpion (D:5)
  3 wights (D:6)
  3 howler monkeys
  A crimson imp (D:5)
  2 orc priests
  3 hounds
  4 orc wizards
  A centaur skeleton (D:4)
  Natasha (twice) (D:2)
  2 worker ants
  A hound skeleton (D:5)
  A hound zombie (D:4)
  10 adders
  An ooze (D:1)
  A worm (D:5)
  2 dart slugs
  2 leopard geckos
  8 orcs
  3 giant cockroaches
  5 goblins
  5 hobgoblins
  7 kobolds
  A quokka (D:3)
  A ball python (D:3)
  12 bats
  3 frilled lizards
  A leopard gecko zombie (D:5)
  5 rats
97 creatures vanquished.

Notes
Turn   | Place    | Note
-------+----------+-------------------------------------------
     0 | D:1      | Lanoc the Octopode Transmuter began the quest for the Orb.
     0 | D:1      | Reached XP level 1. HP: 13/13 MP: 3/3
   127 | D:1      | Reached XP level 2. HP: 13/18 MP: 5/5
  1013 | D:2      | Found a sparkling altar of Nemelex Xobeh.
  1018 | D:2      | Reached XP level 3. HP: 18/23 MP: 3/6
  1332 | D:2      | Learned a level 2 spell: Sticks to Snakes
  1336 | D:2      | Learned a level 3 spell: Spider Form
  1385 | D:2      | Found a sacrificial altar of Ru.
  1502 | D:2      | Found an iron altar of Okawaru.
  1565 | D:2      | Found a radiant altar of Vehumet.
  1617 | D:2      | Noticed Natasha
  1656 | D:2      | Killed Natasha
  1656 | D:2      | Reached XP level 4. HP: 15/29 MP: 3/7
  2084 | D:2      | Noticed Natasha
  2089 | D:2      | Killed Natasha
  2305 | D:3      | Reached XP level 5. HP: 31/34 MP: 4/8
  2811 | D:3      | Found a hide-covered altar of Uskayaw.
  3070 | D:4      | Noticed an ogre
  3089 | D:4      | Killed an ogre
  3089 | D:4      | Reached XP level 6. HP: 25/41 MP: 0/10
  3360 | D:4      | Found a basalt altar of Yredelemnul.
  3881 | D:4      | Found a bloodstained altar of Trog.
  3985 | D:4      | Noticed Eustachio
  3998 | D:4      | Killed Eustachio
  3998 | D:4      | Reached skill level 5 in Unarmed Combat
  3998 | D:4      | Reached XP level 7. HP: 19/46 MP: 8/11
  4295 | D:5      | Entered Level 5 of the Dungeon
  4832 | D:5      | Found a glowing golden altar of the Shining One.
  4832 | D:5      | Noticed Lanoc's ghost (novice DrTm)
  4897 | D:5      | Learned a level 5 spell: Blade Hands
  4929 | D:5      | Killed Lanoc's ghost
  4929 | D:5      | Reached skill level 5 in Transmutations
  4929 | D:5      | Reached XP level 8. HP: 6/53 MP: 4/13
  5902 | D:6      | Found a staircase to the Ecumenical Temple.
  5957 | D:6      | Gained mutation: You are weak. (Str -2) [potion of mutation]
  5957 | D:6      | Gained mutation: Your magical capacity is low. (-10% MP) [potion of mutation]
  5957 | D:6      | Gained mutation: You are partially covered in large bone plates. (SH +4) [potion of mutation]
  5957 | D:6      | Gained mutation: Your mind is acute. (Int +2) [potion of mutation]
  6293 | Temple   | Entered the Ecumenical Temple
  6508 | Temple   | Became a worshipper of Qazlal Stormbringer
  6708 | D:6      | Reached XP level 9. HP: 49/58 MP: 10/13
  6743 | D:6      | HP: 2/58 [wight/enchanted halberd (12)]
  6745 | D:6      | Mangled by a wight

Vault maps used:
D:1:      scummos_arrival_forest
D:2:      minmay_door_path, lemuel_coloured_pillars_altar,
          nemelex_xobeh_ov_fountains_minmay, vehumet_crystals,
          marbit_many_paths, uniq_natasha
D:3:      eat_drink_and_be_merry_uskayaw
D:4:      lemuel_round_altar, kennysheep_mini_moat, uniq_eustachio
D:5:      first_ration, roderic_roman_lattice, tso_metal_star
D:6:      minmay_temple_entry_statues_fountains
Temple:   compressed_dpeg_triangle_lava_temple

Skill      XL: |  1  2  3  4  5  6  7  8 |
---------------+-------------------------+-----
Transmutations | 3 4 5 6 |  6.2
Fighting       | 2 3 4 |  4.2
Unarmed Combat | 4 5 6 |  6.6
Dodging        | 3 4 |  4.6
Spellcasting   | 3 4 |  4.3

Action                   |  1- 3 |  4- 6 |  7- 9 || total
-------------------------+-------+-------+-------++-------
Melee: Unarmed           |    51 |   124 |   146 ||   321
       Constrict         |    16 |    18 |     4 ||    38
       Tentacles         |     9 |     8 |     4 ||    21
       Kick              |     4 |    14 |     6 ||    24
       Punch             |     1 |     1 |     1 ||     3
       Staff             |       |       |     5 ||     5
 Cast: Beastly Appendage |    13 |    16 |     3 ||    32
       Spider Form       |     2 |    11 |    13 ||    26
       Blade Hands       |       |       |     2 ||     2
  Use: Scroll            |     2 |     8 |     3 ||    13
       Potion            |       |     3 |     5 ||     8
 Stab: Sleeping          |     8 |     8 |     1 ||    17
  Eat: Ration            |     1 |       |     1 ||     2
       Chunk             |       |     7 |     8 ||    15
Armor: Skin              |       |       |    11 ||    11
Dodge: Dodged            |    43 |    96 |    91 ||   230
Block: Other             |       |       |     1 ||     1

Table legend:
 A = Spawn XP
 B = Non-spawn XP
 C = Spawn XP percentage of total XP
 D = Spawn monster count
 E = Non-spawn monster count
 F = Spawn count percentage of total count
 G = Total turns spent on level
                    A         B        C        D         E        F      G
               +---------+---------+-------+---------+---------+-------+---------
         Total |       0 |    2428 |   0.0 |       0 |      97 |   0.0 |  6745
               +---------+---------+-------+---------+---------+-------+---------
           D:1 |       0 |      47 |   0.0 |       0 |      15 |   0.0 |  1212
           D:2 |       0 |     106 |   0.0 |       0 |      14 |   0.0 |  1077
           D:3 |       0 |     100 |   0.0 |       0 |      25 |   0.0 |   756
           D:4 |       0 |     593 |   0.0 |       0 |      15 |   0.0 |  1491
           D:5 |       0 |     972 |   0.0 |       0 |      16 |   0.0 |  1253
           D:6 |       0 |     610 |   0.0 |       0 |      12 |   0.0 |   725
               +---------+---------+-------+---------+---------+-------+---------
